 Dungeon Crawl Stone Soup version 0.30-a0-1116-gebefce21f7 (webtiles) character file.

Game seed: 9751443902754973374

1 cforsyth the Conjurer (level 1, -1/15 HPs)
             Began as a Demigod Wanderer on Apr 21, 2023.
             Killed from afar by a dart slug (5 damage)
             ... with a slug dart
             ... on level 1 of the Dungeon.
             The game lasted 00:00:28 (42 turns).

cforsyth the Conjurer (Demigod Wanderer)              Turns: 42, Time: 00:00:29

Health: -1/15      AC:  3    Str: 10    XL:     1   Next: 13%
Magic:  4/4        EV: 13    Int: 13    God:
Gold:   0          SH:  0    Dex: 17    Spells: 1/2 levels left

rFire   . . .      SeeInvis .    a - +0 quarterstaff
rCold   . . .      Faith    .    (shield currently unavailable)
rNeg    . . .      Spirit   .    d - +0 robe
rPois   .          Reflect  .    b - +0 helmet
rElec   .          Rampage  .    (no cloak)
rCorr   .                        (no gloves)
Will    .....                    (no boots)
Stlth   ++                       (no amulet)
HPRegen 0.22/turn                (no ring)
MPRegen 0.09/turn                (no ring)

@: no status effects
A: high MP 1, forlorn, divine attributes
a: no special abilities


You were on level 1 of the Dungeon.
You visited 1 branch of the dungeon, and saw 1 of its levels.

Inventory:

Hand Weapons
 a - a +0 quarterstaff (weapon)
Armour
 b - a +0 helmet (worn)
 d - a +0 robe (worn)
Potions
 c - a potion of lignification


   Skills:
 + Level 0.3 Fighting
 - Level 1.0 Staves
 - Level 3.6 Dodging
 - Level 1.0 Spellcasting
 - Level 3.6 Conjurations


You had one spell level left.
You knew the following spells:

 Your Spells              Type           Power      Damage    Failure   Level
a - Magic Dart            Conj           40%        1d5       6%          1

Your spell library contained the following spells:

 Spells                   Type           Power      Damage    Failure   Level
 Static Discharge         Conj/Air       10%        2-3/arc   21%         2
 Stone Arrow              Conj/Erth      10%        3d7       38%         3


Dungeon Overview and Level Annotations

Branches:
Dungeon (1/15)


Innate Abilities, Weirdness & Mutations

You have an increased reservoir of magic. (+10% MP)
You shall have no god before yourself.
Your divine heritage dramatically boosts your attributes as you level up.


Message History

The kobold throws a stone.
The stone misses you. The kobold hits you with a +0 whip.
You barely miss the kobold. The kobold hits you with a +0 whip.
You closely miss the kobold. The kobold closely misses you.
You hit the kobold but do no damage. The kobold barely misses you.
You miss the kobold. The quokka closely misses you.
The kobold hits you with a +0 whip. The quokka barely misses you.
You sock the kobold!
You kill the kobold!
The quokka misses you.
You barely miss the quokka. The quokka barely misses you.
The dart slug closely misses you.
The quokka bites you but does no damage.
You hit the quokka but do no damage.
The quokka bites you but does no damage.
The dart slug launches a dart at you. The slug dart hits you.
You closely miss the quokka. The quokka misses you. The quokka bites you.
The dart slug launches a dart at you. The slug dart hits you.
* * * LOW HITPOINT WARNING * * *
You are too injured to fight recklessly!
You are too injured to fight recklessly!
You are too injured to fight recklessly!
You are too injured to fight recklessly!
You are too injured to fight recklessly!
You are too injured to fight recklessly!
You are too injured to fight recklessly!
You are too injured to fight recklessly!
You hit the quokka.
The quokka is heavily wounded.
The quokka closely misses you.
The dart slug bites you but does no damage.
You closely miss the quokka.
The quokka is heavily wounded.
The quokka bites you but does no damage.
The quokka closely misses you. The dart slug launches a dart at you.
The slug dart hits you.
You die...

#.... #. ⌠. #...# ..# .⌠
.....#.. ... ...#
#.#...# ... ...# #..#..
. ...#####..# #...###w.
####...#..# #)r#...#.
.....8.#..# #@#.....#
.......#..# #.w......
.....###..######.#.....#
.<...#............#...#.
.....#....#####....###..
.....#....# ##..#..# .
.....#....# #.#...#
.....#....#### #....#..
...###.............#...#


You could see a dart slug and a quokka.

Vanquished Creatures
  A kobold (D:1)
1 creature vanquished.

Notes
Turn   | Place    | Note
-------+----------+-------------------------------------------
     0 | D:1      | cforsyth the Demigod Wanderer began the quest for the Orb.
     0 | D:1      | cforsyth set off with the following items: a +0
                  | quarterstaff, a +0 helmet, a potion of lignification, a +0
                  | robe; and the following spell memorised: Magic Dart; and
                  | the following spells available to memorise: Static
                  | Discharge, Stone Arrow.
     0 | D:1      | Reached XP level 1. HP: 14/14 MP: 4/4
    42 | D:1      | Killed from afar by a dart slug

Illustrated notes

Levels and vault maps discovered:
D:1:      wander_arrival_estate, layout_loops_ring, minmay_splitting_lines

Action                     || total
---------------------------++-------
  Melee: Quarterstaff      ||    10
 Armour: Robe              ||     5
  Dodge: Dodged            ||    12

Table legend: (Time is in decaauts)
 A = Elapsed time spent in this place.
 B = Non-inter-level travel time spent in this place.
 C = Inter-level travel time spent in this place.
 D = Time resting spent in this place.
 E = Time spent auto-exploring this place.
 F = Levels seen in this place.
 G = Mean time per level.
                   A        B        C        D        E       F      G
               +--------+--------+--------+--------+--------+-----+--------+
         Total |     44 |     44 |      0 |      0 |     29 |   1 |   44.0 |
       Dungeon |     44 |     44 |      0 |      0 |     29 |   1 |   44.0 |
               +--------+--------+--------+--------+--------+-----+--------+

Top non-repeatable levels by time:
     D:1: 44 daAuts
